Match 39829424
Unlisted

Match 39829424
End
Kradschützen Motorcycle Team
Selects Italian Combined Arms Battlegroup
Selects Bersaglieri Squad
Bersaglieri Squad
Panzergrenadier Squad
Bersaglieri Squad
Construct Light Support Kompanie
Fire Support Elements
Selects Bersaglieri Bolster
Panzerpioneer Squad
Flakvierling Half-track
2.5-tonne Medical Truck
Selects Breda Model 30 Light Machine Guns
Panzerjäger Mechanized Group
Pak 38 Anti-tank Gun Team
Selects Semovente da 75/18 Assault Gun
Selects Carro Armato M13/40 Light Tank
Selects Artillery Cover
MrBadMass
XuZhongwei
0
0

Comments sign in to comment!

No comments posted yet!